 Dungeon Crawl Stone Soup version 0.19-a0-990-gf36c7f1 (webtiles) character file.

192 FitzyFitz the Bolt Thrower (level 6, 0/34 HPs)
             Began as a Kobold Arcane Marksman on July 14, 2016.
             Slain by an orc (1 damage)
             ... on level 4 of the Dungeon.
             The game lasted 00:14:56 (3672 turns).

FitzyFitz the Bolt Thrower (Kobold Arcane Marksman) Turns: 3672, Time: 00:14:57

Health: 0/34       AC:  3    Str: 10    XL:     6   Next: 2%
Magic:  7/7        EV: 15    Int: 13    God:
Gold:   152        SH:  0    Dex: 15    Spells: 2 memorised, 4 levels left

rFire  . . .     SeeInvis .     a - +1 whip (elec)
rCold  . . .     Gourm    .     e - +1 robe
rNeg   . . .     Faith    .     (shield restricted)
rPois  .         Spirit   .     (no helmet)
rElec  .         Dismiss  .     (no cloak)
rCorr  .         Reflect  .     (no gloves)
SustAt .         Harm     .     (no boots)
MR     .....                    (no amulet)
Stlth  +.........               (no ring)
                                (no ring)

@: not resistant to hostile enchantments, very unstealthy
A: carnivore 3
a: no special abilities


You were on level 4 of the Dungeon.
You were completely stuffed.

You visited 1 branch of the dungeon, and saw 4 of its levels.

You collected 152 gold pieces.

Inventory:

Hand Weapons
 a - a +1 whip of electrocution (weapon)
 b - a +0 hand crossbow
 j - a +0 dagger
 p - a +0 spear
 r - a +0 short sword of holy wrath
 u - a cursed -2 dagger
Missiles
 d - 52 bolts
 h - 167 stones (quivered)
 o - 22 sling bullets
Armour
 e - a +1 robe (worn)
 v - a +0 shield
Jewellery
 t - an uncursed ring of teleportation
Scrolls
 g - a scroll of teleportation
 i - a scroll of enchant armour
 n - 2 scrolls of amnesia
Potions
 k - a potion of mutation
 l - 3 potions of curing
 m - a potion of haste
 q - a potion of heal wounds
Books
 c - a book of Debilitation

   Spells                             Type                      Level
   a - Corona                         Hexes                        1
   b - Slow                           Hexes                        2
   c - Gell's Gravitas                Hexes/Translocation          3
   d - Inner Flame                    Hexes/Fire                   3
   e - Cause Fear                     Hexes                        4
   f - Leda's Liquefaction            Hexes/Earth                  4
Comestibles
 f - 4 meat rations


   Skills:
 + Level 1.4 Fighting
 + Level 4.4 Short Blades
 + Level 5.1 Crossbows
 + Level 2.6 Dodging
 - Level 1.0 Spellcasting
 - Level 3.0 Hexes


You had 4 spell levels left.
You knew the following spells:

 Your Spells              Type           Power        Failure   Level  Hunger
a - Corona                Hex            #......      10%         1    ##.....
b - Slow                  Hex            #.......     14%         2    ###....


Dungeon Overview and Level Annotations

Branches:
Dungeon (4/15)
 Temple: D:4-7

Altars:
Ru

Annotations:
D:3 medicine's ghost, amateur DrGl


Innate Abilities, Weirdness & Mutations

You are small and have problems with some larger weapons.
You are carnivorous and can eat meat at any time.


Message History

The centaur is lightly wounded.
The centaur hits you but does no damage.
The orc hits you but does no damage. The giant newt bites you.
* * * LOW HITPOINT WARNING * * *
The centaur hits you!
* * * LOW HITPOINT WARNING * * *
An orc comes into view. It is wielding a dagger.
The orc shouts!
You hit the centaur.
The centaur is lightly wounded.
The centaur hits you.
* * * LOW HITPOINT WARNING * * *
The orc barely misses you. The giant newt misses you.
The orc wizard gestures wildly while chanting.
The orc wizard flickers and vanishes!
Deactivating autopickup; reactivate with Ctrl-A.
You hit the centaur.
There is a sudden explosion of sparks!
The centaur is almost dead.
The centaur closely misses you. The orc hits you.
You die... .. #. #o #{### ###...# <....# #ocl#

#.####.@#
........# ###
#.#####.# #.. #.#
#.#
#.##############.#
#(................
################.#
###


You could see a centaur, 2 orcs and a giant newt.

Vanquished Creatures
  An orc wizard (D:3)
  3 gnolls (D:2)
  5 adders
  An ooze (D:2)
  4 worms
  6 dart slugs
  2 giant geckos
  5 bats
  3 giant cockroaches
  4 goblins
  2 hobgoblins
  8 jackals
  A quokka (D:3)
  A ball python (D:2)
  4 giant newts
  9 kobolds
  11 rats
70 creatures vanquished.

Notes
Turn   | Place    | Note
-------+----------+-------------------------------------------
     0 | D:1      | FitzyFitz the Kobold Arcane Marksman began the quest for the Orb.
     0 | D:1      | Reached XP level 1. HP: 12/12 MP: 2/2
    43 | D:1      | Reached skill level 3 in Crossbows
    71 | D:1      | Reached XP level 2. HP: 15/16 MP: 3/3
   103 | D:1      | Reached skill level 1 in Short Blades
   412 | D:1      | Reached XP level 3. HP: 7/20 MP: 0/4
   971 | D:1      | Learned a level 2 spell: Slow
  1520 | D:2      | Reached XP level 4. HP: 7/25 MP: 5/5
  1868 | D:2      | Found a sacrificial altar of Ru.
  1926 | D:2      | Reached skill level 4 in Crossbows
  2140 | D:2      | Reached XP level 5. HP: 8/29 MP: 4/6
  2773 | D:2      | Reached skill level 5 in Crossbows
  2774 | D:2      | Upgraded the game from 0.19-a0-978-g9f5ef2c to 0.19-a0-990-gf36c7f1
  3011 | D:3      | Found a sacrificial altar of Ru.
  3131 | D:3      | Noticed medicine's ghost (amateur DrGl)
  3474 | D:3      | Reached XP level 6. HP: 34/34 MP: 7/7
  3671 | D:4      | HP: 1/34 [centaur (2)]
  3672 | D:4      | Slain by an orc

Vault maps used:
D:1:      minmay_arrival_solitary_statue, minmay_domino_4
D:2:      lemuel_crystal_altar
D:3:      first_bread, st_stairs_7, nicolae_ru_great_annihilating_truth
D:4:      kennysheep_mini, uniq_blork_the_orc, uniq_robin, uniq_menkaure

Skill      XL: |  1  2  3  4  5 |
---------------+----------------+-----
Crossbows      | 3 4 5 |  5.1
Short Blades   | 1 2 3 4 |  4.4
Fighting       | |  1.4
Dodging        | |  2.6
Spellcasting   | |  1.0
Hexes          | |  3.0

Action                   |  1- 3 |  4- 6 || total
-------------------------+-------+-------++-------
Melee: Dagger            |    75 |       ||    75
       Short sword       |    81 |    11 ||    92
       Whip              |       |   106 ||   106
 Fire: Hand crossbow     |    22 |    22 ||    44
 Cast: Corona            |    14 |    14 ||    28
       Slow              |       |     1 ||     1
  Use: Potion            |     1 |       ||     1
       Scroll            |       |    10 ||    10
 Stab: Sleeping          |       |     1 ||     1
  Eat: Chunk             |    11 |     8 ||    19
Armor: Robe              |    37 |    27 ||    64
Dodge: Dodged            |   123 |    94 ||   217
